 Dungeon Crawl Stone Soup version 0.32-a0-814-g0968bab981 (webtiles) character file.

Game seed: 15639729924942661509

958 Ruich the Covert (level 7, -3/55 HPs)
             Began as a Vampire Brigand on Mar 23, 2024.
             Killed by an exploding hound (27 damage)
             ... ignited by their inner flame
             ... on level 5 of the Dungeon.
             The game lasted 00:16:42 (4641 turns).

Ruich the Covert (Vampire Brigand)                  Turns: 4641, Time: 00:16:43

Health: -3/55      AC:  6    Str: 10    XL:     7   Next: 91%
Magic:  7/7        EV: 12    Int: 13    God:
Gold:   254        SH:  0    Dex: 18    Spells: 6/6 levels left

rFire   . . .        a - +3 dagger
rCold   . . .        (no shield)
rNeg    . . .        b - +0 robe
rPois   .            o - +0 helmet
rElec   .            c - +0 cloak
rCorr   .            r - +0 pair of gloves
SInv    +            g - +0 pair of boots
Will    .....        (no amulet)
Stlth   ++++         (no ring)
HPRegen 0.49/turn    (no ring)
MPRegen 0.10/turn

%: no passive effects
@: healing quickly
A: alive, fangs 3, see invisible, vampiric 2
a: Exsanguinate


You were on level 5 of the Dungeon.
You visited 1 branch of the dungeon, and saw 5 of its levels.

You collected 254 gold pieces.


Innate Abilities, Weirdness & Mutations

Your natural rate of healing is accelerated.
You have razor-sharp teeth.
You have supernaturally acute eyesight. (SInv)
You are afflicted with vampirism and can become a bat while bloodless.


   Skills:
 + Level 4.3 Fighting
 * Level 7.1 Short Blades
 - Level 1.5 Throwing
 + Level 2.6 Dodging
 + Level 9.0 Stealth


You had 6 spell levels left.
You didn't know any spells.
Your spell library contained the following spells:

 Spells                   Type           Power      Damage    Failure   Level
 Mercury Vapours          Alch/Air       0%         N/A       43%         2
 Scorch                   Fire           0%         2d5       43%         2
 Mephitic Cloud           Conj/Alch/Air  0%         N/A       67%         3
 Flame Wave               Conj/Fire      0%         2d4       97%         4
 Freezing Cloud           Conj/Ice/Air   0%         6-21      100%        5
 Summon Cactus Giant      Summ           0%         N/A       100%        6

Inventory:

Hand Weapons
 a - a +3 dagger (weapon)
 u - a +2 rapier of holy wrath
Missiles
 d - 6 poisoned darts (quivered)
 i - 2 throwing nets {=f}
Armour
 b - a +0 robe (worn)
 c - a +0 cloak (worn)
 g - a +0 pair of boots (worn)
 o - a +0 helmet (worn)
 r - a +0 pair of gloves (worn)
Scrolls
 f - a scroll of blinking
 q - a scroll of teleportation {@r2}
 s - a scroll of immolation
Potions
 h - 2 potions of invisibility
 j - a potion of degeneration {unknown}
 l - a potion of heal wounds {unknown}
 m - 2 potions of magic
 p - 2 potions of cancellation

Dungeon Overview and Level Annotations

Branches:
Dungeon (5/15) Zot: 25445
 Temple: D:4-7

Altars:
Fedhas
Gozag
Okawaru
Yredelemnul

##.........##...#.
#................
####.........##...##
##..#.........###....
##....##.#########..#.
##..##............##...
#....>.....######....#.
#...§§§....# ####...
##...§○@....# ###.
*****#....§§§....##########..
**,,,*♣♣..°§.§................
****,,,,,♣..§.§......#...........
*,,,,,,.....(........#........#..
*,,,*,,....(...♣.....#..........#
*,,**,.........♣♣....#.....).....
,,,,,,..........,....#....<†..###
,,,,,,,.........,................


There were no monsters in sight!


Message History

Eustachio is engulfed in blazing flames.
The bat disappears in a puff of smoke! x2
The river rat disappears in a puff of smoke!
The shadow imp disappears in a puff of smoke!
The bat disappears in a puff of smoke!
The shadow imp disappears in a puff of smoke!
The white imp disappears in a puff of smoke!
Eustachio explodes!
The hound closely misses you.
Your Short Blades skill increases to level 7!
Your Stealth skill increases to level 9!
Unknown command.
Unknown command.
Unknown command.
Unknown command.
Unknown command.
Unknown command.
Unknown command.
You hit the hound.
Flame seeps out of the hound. x2; You bite the hound.
The hound is moderately wounded.
The hound bites you.
* * * LOW HITPOINT WARNING * * *
Unknown command.
You hit the hound but do no damage.
Flame seeps out of the hound.
You bite the hound.
The hound is heavily wounded.
The hound is engulfed in blazing flames.
The hound explodes!
The fiery explosion engulfs you!!
You die...

Skill      XL: |  1  2  3  4  5  6  7 |
---------------+----------------------+-----
Fighting       | 2 3 4 |  4.3
Stealth        | 6 7 8 9 |  9.0
Short Blades   | 3 4 5 6 7 |  7.1
Dodging        | 2 |  2.6
Throwing       | |  1.5

Action                     |  1- 3 |  4- 6 |  7- 9 || total
---------------------------+-------+-------+-------++-------
  Melee: Dagger            |    85 |   191 |   147 ||   423
         Bite              |     9 |    27 |    30 ||    66
         Rapier            |       |     8 |       ||     8
  Throw: Dart              |     7 |     9 |    14 ||    30
    Use: Scroll            |       |     7 |     4 ||    11
   Stab: Sleeping          |     6 |    12 |     2 ||    20
         Distracted        |       |     1 |       ||     1
 Armour: Robe              |    43 |    92 |   105 ||   240
  Dodge: Dodged            |    34 |    90 |   102 ||   226

Levels and vault maps discovered:
D:1:      lemuel_arrival_muddy, layout_basic
D:2:      layout_rooms, dreamdust_ecumenical_altar_sealed_demon, uniq_robin
D:3:      layout_basic, zin_academy, minmay_misc_feat_plants
D:4:      layout_basic, nicolae_overflow_crystal_walls,
          gammafunk_temple_overflow_forgotten, minmay_misc_feat_tower,
          minmay_tree_intersection, grunt_ministairs_10
D:5:      layout_rooms, fedhas_altar_1, kennysheep_decorative_pillar,
          uniq_eustachio

Notes
Turn   | Place    | Note
-------+----------+-------------------------------------------
     0 | D:1      | Ruich the Vampire Brigand began the quest for the Orb.
     0 | D:1      | Reached XP level 1. HP: 16/16 MP: 1/1
    94 | D:1      | Reached skill level 2 in Fighting
    94 | D:1      | Reached skill level 6 in Stealth
    94 | D:1      | Reached XP level 2. HP: 8/22 MP: 2/2
   375 | D:1      | Reached skill level 3 in Short Blades
   393 | D:1      | Gained mutation: You are afflicted with vampirism and can
                  | become a bat while bloodless. [Vampire growth]
   393 | D:1      | Reached XP level 3. HP: 27/27 MP: 3/3
   708 | D:2      | You fall into a shaft and drop 1 floor!
  1287 | D:2      | Reached XP level 4. HP: 30/34 MP: 4/4
  1469 | D:2      | Noticed Robin
  1474 | D:2      | Killed Robin
  1680 | D:2      | Reached skill level 4 in Short Blades
  1784 | D:2      | Found a faded altar of an unknown god.
  2023 | D:3      | Reached skill level 7 in Stealth
  2401 | D:4      | Found an iron altar of Okawaru.
  2401 | D:4      | Found an opulent altar of Gozag.
  2511 | D:4      | Noticed a scorpion
  2521 | D:4      | Killed a scorpion
  2522 | D:4      | Reached skill level 3 in Fighting
  2522 | D:4      | Reached XP level 5. HP: 40/41 MP: 5/5
  2843 | D:4      | Reached skill level 5 in Short Blades
  2843 | D:4      | Reached XP level 6. HP: 47/47 MP: 6/6
  2966 | D:4      | Found a basalt altar of Yredelemnul.
  3218 | D:5      | Entered Level 5 of the Dungeon
  3261 | D:5      | Reached skill level 8 in Stealth
  3367 | D:5      | Reached skill level 6 in Short Blades
  3469 | D:4      | Reached XP level 7. HP: 40/53 MP: 7/7
  4009 | D:5      | Found a blossoming altar of Fedhas.
  4080 | D:5      | Reached skill level 4 in Fighting
  4134 | D:4      | Reached skill level 2 in Dodging
  4611 | D:5      | Noticed Eustachio
  4638 | D:5      | Killed Eustachio
  4639 | D:5      | Reached skill level 7 in Short Blades
  4639 | D:5      | Reached skill level 9 in Stealth
  4641 | D:5      | Killed by an exploding hound... ignited by their inner
                  | flame

Vanquished Creatures
  Eustachio (D:5)
  A black bear (D:5)
  3 scorpions
  4 hounds
  3 orc priests
  A bombardier beetle (D:4)
  A gnoll bouda (D:5)
  An iguana (D:4)
  An orc wizard (D:5)
  Robin (D:2)
  6 gnolls
  7 adders
  4 ribbon worms
  4 dart slugs
  9 orcs (D:5)
  5 bats
  11 endoplasms
  7 giant cockroaches
  9 goblins
  8 hobgoblins
  8 jackals
  A quokka (D:3)
  A frilled lizard (D:1)
  13 kobolds
  4 rats
114 creatures vanquished.

Table legend: (Time is in decaauts)
 A = Elapsed time spent in this place.
 B = Non-inter-level travel time spent in this place.
 C = Inter-level travel time spent in this place.
 D = Time resting spent in this place.
 E = Time spent auto-exploring this place.
 F = Levels seen in this place.
 G = Mean time per level.
                   A        B        C        D        E       F      G
               +--------+--------+--------+--------+--------+-----+--------+
         Total |   4554 |   4330 |    224 |   1585 |   1309 |   5 |  910.8 |
       Dungeon |   4554 |   4330 |    224 |   1585 |   1309 |   5 |  910.8 |
               +--------+--------+--------+--------+--------+-----+--------+

Top non-repeatable levels by time:
     D:4: 1625 daAuts
     D:2: 894 daAuts
     D:3: 887 daAuts
     D:1: 648 daAuts
     D:5: 498 daAuts

Table legend:
 A = Non-vault XP
 B = Vault XP
 C = Vault XP percentage of total XP
 D = Non-vault monster count
 E = Vault monster count
 F = Vault count percentage of total count
                 A         B        C        D         E       F
            +---------+---------+-------+---------+---------+-------
      Total |    1162 |     249 |  17.6 |     100 |      14 |  12.3
            +---------+---------+-------+---------+---------+-------
        D:1 |      44 |       0 |   0.0 |      19 |       0 |   0.0
        D:2 |      64 |      34 |  34.7 |      23 |      11 |  32.4
        D:3 |      48 |       2 |   4.0 |      12 |       1 |   7.7
        D:4 |     540 |       2 |   0.4 |      26 |       1 |   3.7
        D:5 |     466 |     211 |  31.2 |      20 |       1 |   4.8
            +---------+---------+-------+---------+---------+-------
